Map: Efflorescence LE

Players

OpuS - Winner!

  • Race: Protoss Protoss
  • League: Platinum
  • Spawn Location: 3:00

Sketchaphone - Winner!

  • Race: Zerg Zerg
  • League: Platinum
  • Spawn Location: 12:00

sLy

  • Race: Zerg Zerg
  • Spawn Location: 9:00

FIRESTORM

  • Race: Zerg Zerg
  • League: Silver
  • Spawn Location: 6:00

VOD

Have the link to the VOD?

Description

Time

  • Played on: Feb. 7, 2019, 8:41 p.m.
  • Length: 11:27
Show
View Real Time Build Order
Export as new Build Order

OpuS Protoss - Winner!

Build Orders:  

Get SALT Encoding   

  12  0:02  Probe  
  13  0:14  Probe  
  14  0:23  Pylon  
  14  0:26  Probe  
  15  0:45  Gateway  
  15  0:48  Probe  
  16  0:56  Assimilator  
  16  1:00  Probe  
  17  1:12  Probe  
  18  1:24  Probe  
  19  1:32  Gateway  
  19  1:37  Probe  
  19  1:46  Probe  
  20  1:47  Cybernetics Core  
  20  1:49  Pylon  
  21  1:55  Probe  
  22  2:03  Probe  
  22  2:07  Zealot  
  22  2:08  Gateway  
  25  2:11  Probe, Assimilator  
  26  2:19  Probe  
  26  2:23  Warp Gate  
  27  2:37  Twilight Council  
  27  2:38  Zealot  
  27  2:39  Zealot  
  31  2:45  Pylon  
  31  3:11  Nexus  
  31  3:15  Charge  
  31  3:25  Pylon  
  30  3:52  Zealot x2  
  30  3:53  Zealot  
  36  3:58  Pylon  
  36  4:10  Stargate  
  36  4:25  Probe x2  
  38  4:37  Probe  
  38  4:38  Probe  
  40  4:42  Zealot  
  40  4:43  Zealot x2  
  40  4:44  Pylon  
  46  4:47  Void Ray  
  50  5:00  Probe  
  50  5:01  Probe  
  52  5:13  Probe x2  
  54  5:15  Pylon  
  54  5:34  Zealot  
  54  5:35  Zealot x2  
  54  5:43  Probe x2  
  54  5:49  Phoenix  
  54  5:54  Stargate  
  54  5:55  Probe  
  47  6:06  Zealot x3  
  47  6:07  Probe x2  
  48  6:28  Probe x2  
  48  6:31  Phoenix  
  51  6:40  Probe  
  51  6:43  Phoenix  
  51  6:45  Probe  
  55  6:52  Probe  
  56  6:56  Phoenix  
  56  6:57  Probe  
  59  7:06  Probe, Phoenix  
  62  7:09  Probe  
  62  7:15  Phoenix  
  63  7:18  Probe, Assimilator  
  63  7:21  Probe  
  67  7:22  Phoenix  
  67  7:23  Assimilator  
  67  7:30  Probe  
  67  7:33  Probe  
  67  7:36  Phoenix  
  71  7:38  Stargate  
  71  7:42  Probe  
  74  7:45  Probe  
  75  7:58  Probe x2  
  75  8:11  Phoenix  
  77  8:13  Probe x2  
  77  8:17  Zealot  
  77  8:18  Zealot  
  77  8:19  Zealot  
  85  8:23  Gateway  
  85  8:25  Probe, Gateway  
  86  8:27  Gateway  
  86  8:28  Gateway  
  86  8:34  Pylon  
  86  8:37  Pylon  
  86  8:39  Pylon  
  86  8:49  Fleet Beacon  
  82  9:23  Probe x2  
  84  9:26  Zealot  
  84  9:27  Zealot x5  
  84  9:28  Zealot  
  98  9:35  Probe  
  99  9:46  Nexus  
  99  9:48  Pylon  
  99  9:50  Pylon  
  99  10:01  Assimilator  
  99  10:03  Gateway  
  99  10:04  Stalker x2  
  99  10:05  Stalker x3, Assimilator  
  109  10:08  Stalker  
  111  10:19  Zealot  
  112  10:32  Stalker x3  
  112  10:33  Stalker x2  
  122  10:43  Forge  
  122  10:48  Forge  
  122  11:06  Probe x3  
Show
View Real Time Build Order
Export as new Build Order

Sketchaphone Zerg - Winner!

Build Orders: Hatch First 

Get SALT Encoding   

  12  0:01  Drone  
  13  0:13  Overlord  
  13  0:19  Drone  
  14  0:25  Drone, Extractor  
  15  0:31  Drone  
  15  0:35  Drone  
  17  0:59  Hatchery, Drone  
  17  1:03  Extractor  
  16  1:05  Drone  
  17  1:14  Drone  
  18  1:25  Spawning Pool  
  17  1:36  Drone x2  
  19  1:58  Drone  
  19  2:00  Overlord  
  20  2:16  Metabolic Boost  
  20  2:24  Queen  
  20  2:27  Drone  
  23  2:36  Drone x2  
  25  2:46  Hatchery  
  25  2:50  Zergling x8  
  28  2:56  Overlord  
  28  3:06  Queen  
  28  3:07  Drone  
  28  3:12  Zergling x4  
  33  3:22  Evolution Chamber  
  33  3:26  Queen  
  34  3:28  Drone  
  35  3:38  Drone  
  35  3:40  Drone x3  
  39  3:42  Drone  
  40  3:49  Zerg Melee Weapons Level 1  
  39  4:01  Zergling x4  
  41  4:15  Overlord x2  
  41  4:33  Queen  
  41  4:38  Zergling x22  
  54  4:40  Zergling x2  
  54  4:43  Zergling x4  
  56  4:52  Zergling x2  
  57  4:53  Overlord  
  56  5:00  Zergling x4  
  58  5:11  Overlord x2  
  58  5:18  Zergling x8  
  61  5:28  Zergling x10  
  61  5:33  Zergling x4  
  61  5:34  Zergling x2  
  66  5:38  Zergling x2  
  66  5:42  Hatchery  
  62  5:46  Zergling x8  
  62  5:47  Zergling x2  
  62  5:59  Zergling x8  
  63  6:06  Zergling x4  
  63  6:08  Zerg Ground Armor Level 1  
  63  6:10  Spore Crawler  
  57  6:20  Zergling x10  
  57  6:25  Zergling x2  
  53  7:09  Zergling x12  
  53  7:10  Zergling x8  
  53  7:12  Overlord  
  56  7:19  Zergling x6  
  50  7:27  Zergling x6  
  52  7:31  Queen  
  52  7:36  Spore Crawler  
  55  7:39  Spore Crawler x2  
  55  7:42  Zergling x2  
  55  7:43  Zergling x2  
  52  7:46  Lair  
  52  7:48  Zergling x2  
  50  8:02  Zergling x14  
  56  8:06  Drone  
  56  8:07  Queen  
  56  8:08  Drone  
  53  8:24  Zergling x14  
  54  8:31  Drone x2  
  56  8:36  Drone x3  
  56  8:39  Spore Crawler  
  58  8:42  Queen, Drone  
  58  8:58  Zergling x14  
  58  9:01  Zergling x4  
  66  9:07  Zergling x4  
  66  9:08  Zergling x4  
  67  9:16  Drone  
  65  9:20  Drone x2  
  65  9:24  Drone  
  68  9:25  Drone  
  69  9:35  Zergling x10  
  69  9:36  Zergling x2  
  69  9:37  Zergling x2  
  73  9:44  Drone x2  
  72  9:49  Zergling x8  
  72  9:50  Zergling x2  
  74  9:55  Drone x2  
  76  10:06  Drone x2  
  78  10:07  Spore Crawler  
  77  10:18  Zergling x18  
  86  10:31  Drone x3  
  86  10:32  Drone x6  
  95  10:36  Evolution Chamber  
  84  10:53  Zergling x22  
  89  11:10  Zergling x10  
  94  11:11  Drone  
Show
View Real Time Build Order
Export as new Build Order

sLy Zerg 

Build Orders: Hatch First 

Get SALT Encoding   

  12  0:02  Drone  
  13  0:08  Drone  
  14  0:35  Hatchery  
  13  0:38  Drone  
  14  0:50  Overlord  
  14  0:55  Extractor  
  13  0:58  Drone  
  14  1:10  Drone x2  
  16  1:19  Spawning Pool  
  16  1:25  Drone  
  16  1:26  Drone  
  17  1:38  Drone  
  18  1:52  Drone  
  18  1:53  Drone  
  20  2:07  Spine Crawler  
  19  2:17  Drone x2  
  19  2:18  Drone  
  19  2:19  Drone x2  
  19  2:21  Queen  
  26  2:33  Lair  
  26  2:39  Metabolic Boost  
  26  3:02  Queen  
  28  3:11  Overlord  
  28  3:16  Extractor  
  26  3:37  Drone  
  26  3:38  Drone x2  
  26  3:40  Drone x3  
  32  3:59  Spire  
  31  4:08  Drone x2  
  33  4:11  Spine Crawler  
  33  4:12  Drone x4  
  36  4:24  Extractor  
  36  4:25  Drone  
  36  4:27  Overlord x2, Extractor  
  35  4:38  Drone  
  37  4:45  Drone x3  
  39  4:54  Drone x2  
  41  5:02  Overlord  
  41  5:13  Mutalisk  
  41  5:14  Mutalisk x4  
  43  5:21  Zerg Flyer Weapons Level 1  
  51  5:37  Mutalisk  
  49  6:15  Mutalisk  
  49  6:16  Mutalisk x3  
  57  6:19  Queen  
  59  6:51  Overlord x2, Zergling x2  
  59  6:52  Overlord x4  
  60  6:55  Spine Crawler  
  60  6:56  Spine Crawler, Queen  
  60  6:58  Spine Crawler  
  59  7:09  Queen, Mutalisk x3  
  67  7:24  Mutalisk  
  67  7:26  Overlord  
  69  7:32  Mutalisk  
  71  7:49  Zergling x6  
  71  7:50  Zergling x14  
  81  7:51  Hatchery  
  48  8:28  Corruptor x3  
  54  8:38  Hydralisk Den, Drone x7  
  55  9:04  Queen  
  55  9:05  Queen  
  59  9:19  Zergling x2  
  59  9:20  Zergling x14  
  58  9:49  Mutalisk  
  60  9:53  Mutalisk  
  60  9:56  Zergling x2  
  60  9:57  Zergling x14  
  60  10:28  Zergling x2  
  60  10:29  Zergling x12  
  65  10:37  Hydralisk  
  65  10:38  Drone  
  57  10:50  Mutalisk  
  57  10:52  Zergling x2  
  57  10:53  Zergling x2  
  57  11:05  Zergling x8  
Show
View Real Time Build Order
Export as new Build Order

FIRESTORM Zerg 

Build Orders: Hatch First 

Get SALT Encoding   

  12  0:02  Drone  
  13  0:15  Overlord  
  13  0:22  Drone  
  14  0:35  Drone x2  
  16  0:41  Drone  
  17  1:02  Hatchery  
  16  1:06  Drone  
  16  1:07  Drone  
  18  1:21  Extractor  
  18  1:22  Spawning Pool  
  16  1:28  Drone x2  
  18  1:45  Hatchery  
  17  1:58  Drone x2  
  19  2:13  Queen  
  19  2:14  Queen  
  23  2:23  Metabolic Boost  
  23  2:31  Drone x2  
  23  2:32  Drone  
  23  2:33  Drone  
  23  2:37  Drone  
  28  3:00  Queen  
  28  3:02  Drone x3  
  28  3:03  Drone  
  34  3:07  Lair  
  34  3:13  Overlord  
  34  3:21  Overlord  
  34  3:50  Zergling x6  
  34  3:51  Zergling x16  
  45  4:03  Overlord  
  45  4:06  Overlord  
  45  4:15  Nydus Network  
  44  4:20  Zergling x12  
  44  4:21  Zergling x10  
  53  4:54  Nydus Network  
  52  5:08  Zergling x6  
  52  5:09  Zergling x14  
  52  5:29  Zergling x2  
  52  5:30  Zergling x16  
  39  5:50  Zergling x2  
  39  5:51  Zergling x14  
  45  6:02  Nydus Canal x2  
  43  6:20  Nydus Canal  
  43  6:21  Nydus Canal  
  43  6:23  Zergling x2  
  43  6:24  Zergling x20  
  43  6:38  Nydus Canal  
  42  6:53  Nydus Canal  
  42  7:01  Nydus Canal  
  42  7:03  Zergling x14  
  42  7:04  Zergling x6  
  28  7:33  Drone x6  
  28  7:34  Drone x3  
  24  7:58  Spine Crawler  
  24  8:00  Spine Crawler  
  24  8:02  Drone  
  24  8:03  Spine Crawler, Drone x10  
  32  8:22  Spore Crawler  
  32  8:23  Spore Crawler  
  32  8:25  Spore Crawler, Drone  
  32  8:26  Drone x3  
  33  8:27  Drone  
  33  8:29  Drone  
  35  8:56  Spine Crawler  
  20  9:20  Drone x3  
  20  9:21  Drone x3  
  25  9:49  Drone x4  
  29  9:55  Hydralisk Den  
  28  10:01  Drone x2  
  30  10:09  Queen  
  30  10:10  Queen  
  34  10:21  Drone  
  34  10:22  Drone x3  
  38  10:30  Evolution Chamber  
  38  10:31  Evolution Chamber  
  36  10:43  Drone x2, Extractor  
  37  10:52  Drone x2, Extractor  
  37  10:53  Drone  
  37  10:56  Drone  
Tags
 
Add a new tag
Caveats
  • Supply blocks, unpowered buildings, or Contaminate may cause inaccurate times.
  • Supply counts are checked every 10 seconds.